 Dungeon Crawl Stone Soup version 0.31-a0-166-g46f44d267d (webtiles) character file.

Game seed: 14095708815347388509

538 qw the Shooter (level 7, -3/64 HPs)
             Began as a Naga Hunter on June 13, 2023.
             Slain by a centaur zombie (4 damage)
             ... in an ossuary.
             The game lasted 00:01:12 (3068 turns).

qw the Shooter (Naga Hunter)                        Turns: 3068, Time: 00:01:13

Health: -3/64      AC:  3    Str: 14    XL:     7   Next: 26%
Magic:  7/7        EV:  9    Int:  9    God:
Gold:   297        SH:  0    Dex: 16    Spells: 6/6 levels left

rFire   . . .        Y - +2 shortbow (drain)
rCold   . . .        (shield currently unavailable)
rNeg    . . .        c - +0 leather armour
rPois   +            (no helmet)
rElec   .            (no cloak)
rCorr   .            (no gloves)
SInv    +            (no barding)
Will    .....        (no amulet)
Stlth   ++           (no ring)
HPRegen 0.30/turn    (no ring)
MPRegen 0.10/turn

%: no passive effects
@: about to teleport, very slow
A: AC +2, large, see invisible, deformed body, poison resistance, slowness 2,
spit poison 1, naga tail 1
a: Spit Poison


You were in an ossuary.
You visited 1 branch of the dungeon, and saw 4 of its levels.
You also visited: Ossuary.

You collected 297 gold pieces.


Innate Abilities, Weirdness & Mutations

Your serpentine skin is tough. (AC +2)
You have supernaturally acute eyesight. (SInv)
Armour fits poorly on your strangely shaped body.
Your system is resistant to poisons. (rPois)
You cover ground very slowly.
You can spit poison.
You have a snake-like lower body.


   Skills:
 - Level 4.1 Fighting
 - Level 7.0 Ranged Weapons
 + Level 1.5 Dodging
 - Level 1.5 Stealth


You had 6 spell levels left.
You didn't know any spells.
Your spell library was empty.

Inventory:

Hand Weapons
 Y - a +2 shortbow of draining (weapon)
Armour
 c - a +0 leather armour (worn)
Scrolls
 a - a scroll of identify
Potions
 b - a potion of cancellation {unknown}
 d - a potion of curing {unknown}
 e - a potion of magic {unknown}
 g - a potion of brilliance {unknown}
 h - a potion of mutation {unknown}
 j - a potion of resistance {unknown}
 k - a potion of invisibility {unknown}

Dungeon Overview and Level Annotations

Branches:
Dungeon (4/15)            Ossuary (1/1)
 Temple: D:4-7

Altars:


Message History

You destroy the centaur zombie!
Your surroundings seem slightly different.
A centaur zombie, 2 gnoll zombies and a human zombie come into view.
The centaur zombie hits you but does no damage.
The centaur zombie closely misses you.
Your Ranged Weapons skill increases to level 7!
3063 ||| READING 2 scrolls of teleportation.
As you read the scroll of teleportation, it crumbles to dust.
You feel strangely unstable. The centaur zombie barely misses you.
The centaur zombie closely misses you. x2
The centaur zombie kicks you.
You shoot an arrow. The arrow hits the centaur zombie!
The centaur zombie is moderately damaged.
The centaur zombie hits you. The centaur zombie kicks you.
The centaur zombie hits you. The centaur zombie barely misses you.
You shoot an arrow. The arrow hits the centaur zombie.
The centaur zombie is heavily damaged.
The centaur zombie hits you.
The centaur zombie kicks you but does no damage.
The centaur zombie hits you.
The centaur zombie completely misses you.
The centaur zombie hits you.
The centaur zombie kicks you but does no damage.
The centaur zombie hits you.
The centaur zombie kicks you but does no damage.
You shoot an arrow.
The arrow hits the centaur zombie but does no damage.
The centaur zombie is heavily damaged.
Your surroundings seem slightly different.
3067 ||| READING scroll of teleportation.
As you read the scroll of teleportation, it crumbles to dust.
You feel strangely unstable. The centaur zombie barely misses you.
The centaur zombie kicks you but does no damage.
The centaur zombie hits you. The centaur zombie kicks you.
The gnoll zombie closely misses you.
You shoot an arrow. The arrow hits the centaur zombie!
The centaur zombie is moderately damaged.
The centaur zombie hits you.
You die...

##.........##
#...........#
##.........##
#...........#
##.........##
#......Z....#
##......ยค..##
#...ZZZZ....#
####@Z.#####
##.## #.#
##.## ##$$$##
#$$$$$#
#$$$$$#
#$$$$$#
##$$$##


You could see a hobgoblin zombie, 2 gnoll zombies, 2 centaur zombies and a human
zombie.

Vanquished Creatures
  A black bear (D:4)
  An elf zombie (Ossuary)
  An elf skeleton (D:4)
  A centaur zombie (Ossuary)
  A human zombie (D:4)
  A hound (D:3)
  An orc priest (D:4)
  A human skeleton (D:4)
  3 gnolls (D:2)
  6 adders
  An adder skeleton (D:2)
  4 dart slugs
  8 orcs
  7 ball pythons
  2 bats
  4 endoplasms
  3 giant cockroaches
  A gnoll zombie (Ossuary)
  6 hobgoblins
  A quokka (D:1)
  A ball python zombie (D:2)
  2 frilled lizards
  6 goblins
  A hobgoblin zombie (Ossuary)
  A jackal skeleton (D:2)
  11 kobolds
  An orc skeleton (D:4)
  2 orc zombies (D:4)
  A quokka skeleton (D:2)
  9 rats
89 creatures vanquished.

Notes
Turn   | Place    | Note
-------+----------+-------------------------------------------
     0 | D:1      | qw the Naga Hunter began the quest for the Orb.
     0 | D:1      | Reached XP level 1. HP: 19/19 MP: 1/1
     0 | D:1      | 0 ||| qw: Version: 0.2-a-29-gc1b59c4
     0 | D:1      | 0 ||| qw: Game counter: 4844
     0 | D:1      | 0 ||| qw: Always use a shield: true
     0 | D:1      | 0 ||| qw: God list: Okawaru
     0 | D:1      | 0 ||| qw: Allow faded altars: false
     0 | D:1      | 0 ||| qw: Do Orc after D:15 true
     0 | D:1      | 0 ||| qw: Do second Lair branch before Depths: true
     0 | D:1      | 0 ||| qw: Lair rune preference: random
     0 | D:1      | 0 ||| qw: Plans: Normal
     0 | D:1      | 0 ||| PLANNING D:1-11
    94 | D:1      | 94 ||| INVOKING Spit Poison.
    99 | D:1      | 99 ||| INVOKING Spit Poison.
   105 | D:1      | 105 ||| INVOKING Spit Poison.
   106 | D:1      | 106 ||| INVOKING Spit Poison.
   121 | D:1      | 121 ||| INVOKING Spit Poison.
   132 | D:1      | 132 ||| READING scroll labelled ZUN WYIKEASH.
   133 | D:1      | 133 ||| DROPPING scroll of butterflies.
   151 | D:1      | 151 ||| INVOKING Spit Poison.
   190 | D:1      | 190 ||| INVOKING Spit Poison.
   191 | D:1      | Reached skill level 4 in Ranged Weapons
   191 | D:1      | Reached XP level 2. HP: 26/26 MP: 2/2
   355 | D:1      | 355 ||| INVOKING Spit Poison.
   404 | D:1      | 404 ||| INVOKING Spit Poison.
   414 | D:1      | 414 ||| INVOKING Spit Poison.
   446 | D:1      | 446 ||| INVOKING Spit Poison.
   518 | D:1      | 518 ||| INVOKING Spit Poison.
   524 | D:1      | 524 ||| INVOKING Spit Poison.
   525 | D:1      | Reached XP level 3. HP: 30/32 MP: 3/3
   603 | D:1      | 603 ||| INVOKING Spit Poison.
   624 | D:1      | 624 ||| INVOKING Spit Poison.
   766 | D:1      | 766 ||| READING scroll labelled APYAFU OQAJOD.
   770 | D:1      | 770 ||| READING scroll labelled OLABIR AVVIF.
   771 | D:1      | 771 ||| READING scroll labelled POFAIPRA ITZALO.
   835 | D:2      | 835 ||| INVOKING Spit Poison.
   845 | D:2      | 845 ||| INVOKING Spit Poison.
   851 | D:2      | 851 ||| INVOKING Spit Poison.
   857 | D:2      | 857 ||| INVOKING Spit Poison.
   887 | D:2      | 887 ||| INVOKING Spit Poison.
   890 | D:2      | 890 ||| INVOKING Spit Poison.
   897 | D:2      | Reached skill level 5 in Ranged Weapons
   897 | D:2      | Reached XP level 4. HP: 24/39 MP: 4/4
   897 | D:2      | 897 ||| INVOKING Spit Poison.
   900 | D:2      | HP: 8/39 [gnoll/+0 spear (3)]
   903 | D:2      | HP: 3/39 [gnoll/+0 spear (5)]
   904 | D:2      | 904 ||| INVOKING Spit Poison.
  1105 | D:2      | 1105 ||| INVOKING Spit Poison.
  1200 | D:2      | 1200 ||| INVOKING Spit Poison.
  1263 | D:2      | 1263 ||| INVOKING Spit Poison.
  1284 | D:2      | 1284 ||| INVOKING Spit Poison.
  1289 | D:2      | 1289 ||| INVOKING Spit Poison.
  1359 | D:2      | 1359 ||| INVOKING Spit Poison.
  1424 | D:2      | 1424 ||| INVOKING Spit Poison.
  1428 | D:2      | 1428 ||| INVOKING Spit Poison.
  1630 | D:2      | 1630 ||| READING scroll labelled CYUMISUURCH.
  1672 | D:3      | 1672 ||| INVOKING Spit Poison.
  1676 | D:3      | 1676 ||| INVOKING Spit Poison.
  1679 | D:3      | Reached skill level 3 in Fighting
  1730 | D:3      | 1730 ||| INVOKING Spit Poison.
  1753 | D:3      | 1753 ||| INVOKING Spit Poison.
  1755 | D:3      | Reached XP level 5. HP: 49/49 MP: 5/5
  1785 | D:3      | 1785 ||| INVOKING Spit Poison.
  1789 | D:3      | 1789 ||| INVOKING Spit Poison.
  1977 | D:3      | 1977 ||| READING scroll of enchant weapon.
  1977 | D:3      | 1977 ||| ENCHANTING +1 shortbow.
  2015 | D:3      | 2015 ||| INVOKING Spit Poison.
  2019 | D:3      | 2019 ||| INVOKING Spit Poison.
  2025 | D:3      | 2025 ||| INVOKING Spit Poison.
  2073 | D:3      | 2073 ||| INVOKING Spit Poison.
  2091 | D:3      | 2091 ||| INVOKING Spit Poison.
  2097 | D:3      | 2097 ||| INVOKING Spit Poison.
  2165 | D:3      | 2165 ||| INVOKING Spit Poison.
  2171 | D:3      | 2171 ||| INVOKING Spit Poison.
  2176 | D:3      | 2176 ||| INVOKING Spit Poison.
  2403 | D:3      | 2403 ||| READING 2 scrolls labelled JUEDIOV RUTICS.
  2404 | D:3      | 2404 ||| READING scroll labelled SONKAS ZADU.
  2405 | D:3      | 2405 ||| READING scroll labelled VIUNICZ DYGYI.
  2437 | D:4      | 2437 ||| PLANNING OSSUARY
  2559 | D:4      | 2559 ||| INVOKING Spit Poison.
  2651 | D:4      | 2651 ||| INVOKING Spit Poison.
  2663 | D:4      | Noticed a black bear
  2666 | D:4      | 2666 ||| INVOKING Spit Poison.
  2669 | D:4      | Killed a black bear
  2670 | D:4      | Reached skill level 6 in Ranged Weapons
  2670 | D:4      | Reached XP level 6. HP: 56/56 MP: 6/6
  2672 | D:4      | 2672 ||| INVOKING Spit Poison.
  2677 | D:4      | 2677 ||| INVOKING Spit Poison.
  2705 | D:4      | 2705 ||| INVOKING Spit Poison.
  2715 | D:4      | 2715 ||| INVOKING Spit Poison.
  2785 | D:4      | 2785 ||| INVOKING Spit Poison.
  2961 | D:4      | Found a sand-covered staircase.
  2971 | D:4      | Reached XP level 7. HP: 54/64 MP: 7/7
  3002 | D:4      | 3002 ||| DRINKING 2 golden potions.
  3003 | D:4      | 3003 ||| DROPPING potion of enlightenment.
  3007 | Ossuary  | Entered an ossuary
  3032 | Ossuary  | HP: 14/64 [elf zombie (4)]
  3033 | Ossuary  | 3033 ||| READING 5 scrolls of teleportation.
  3038 | Ossuary  | 3038 ||| READING 4 scrolls of teleportation.
  3059 | Ossuary  | HP: 15/64 [centaur zombie (3)]
  3060 | Ossuary  | 3060 ||| READING 3 scrolls of teleportation.
  3063 | Ossuary  | Reached skill level 7 in Ranged Weapons
  3063 | Ossuary  | 3063 ||| READING 2 scrolls of teleportation.
  3064 | Ossuary  | HP: 11/64 [centaur zombie (2)]
  3065 | Ossuary  | HP: 5/64 [centaur zombie (1)]
  3067 | Ossuary  | 3067 ||| READING scroll of teleportation.
  3067 | Ossuary  | HP: 1/64 [centaur zombie (2)]
  3068 | Ossuary  | Slain by a centaur zombie

Levels and vault maps discovered:
D:1:      eino_arrival_tree_alley, layout_loops_cross, lexackson_kobold_supper
D:2:      layout_basic, serial_undead, serial_undead_a, serial_undead_d,
          serial_undead_d, serial_undead_a
D:3:      minmay_evil_eye, layout_loops_ring
D:4:      layout_gridville, nicolae_ossuary_entry_catacombs
Ossuary:  minmay_ossuary_gauntlet

Skill      XL: |  1  2  3  4  5  6  7 |
---------------+----------------------+-----
Ranged Weapons | 4 5 6 7 |  7.0
Fighting       | 3 4 |  4.1
Dodging        | |  1.5
Stealth        | |  1.5

Action                     |  1- 3 |  4- 6 |  7- 9 || total
---------------------------+-------+-------+-------++-------
   Fire: Shortbow          |    68 |   128 |    41 ||   237
Ability: Spit Poison       |    20 |    33 |       ||    53
    Use: Scroll            |     4 |     5 |     5 ||    14
         Potion            |       |       |     1 ||     1
 Armour: Leather armour    |     4 |    13 |    16 ||    33
  Dodge: Dodged            |    13 |    25 |    22 ||    60

Table legend:
 A = Non-vault XP
 B = Vault XP
 C = Vault XP percentage of total XP
 D = Non-vault monster count
 E = Vault monster count
 F = Vault count percentage of total count
                 A         B        C        D         E       F
            +---------+---------+-------+---------+---------+-------
      Total |     439 |     330 |  42.9 |      63 |      26 |  29.2
            +---------+---------+-------+---------+---------+-------
        D:1 |      32 |       8 |  20.0 |      17 |       8 |  32.0
        D:2 |      99 |       8 |   7.5 |      16 |       4 |  20.0
        D:3 |     106 |       7 |   6.2 |      17 |       4 |  19.0
        D:4 |     202 |     164 |  44.8 |      13 |       6 |  31.6
    Ossuary |       0 |     143 | 100.0 |       0 |       4 | 100.0
            +---------+---------+-------+---------+---------+-------
